 Dungeon Crawl Stone Soup version 0.32-a0-768-g0f6f1dd4b9 (webtiles) character file.

Game seed: 16601088658100451349

596 ezpacito the Chopper (level 7, -1/81 HPs)
             Began as a Coglin Chaos Knight on Mar 18, 2024.
             Was a Plaything of Xom.
             Slain by a gnoll
             ... wielding a +0 club
             ... led by a gnoll bouda
              (3 damage)
             ... on level 5 of the Dungeon.
             The game lasted 00:03:13 (3374 turns).

ezpacito the Chopper (Coglin Chaos Knight)          Turns: 3374, Time: 00:03:14

Health: -1/81      AC: 23    Str: 14    XL:     7   Next: 40%
Magic:  9/9        EV:  2    Int: 12    God:    Xom [*.....]
Gold:   194        SH:  0    Dex: 13    Spells: 9/9 levels left

rFire   . . .        a - +0 hand axe (chaos) {Manveen}
rCold   . . .        j - +2 dagger (venom) {Æðelind}
rNeg    . . .        q - melded +1 chain mail
rPois   +            o - melded +0 helmet
rElec   .            (cloak currently unavailable)
rCorr   .            (gloves currently unavailable)
SInv    .            c - melded +0 pair of boots
Will    .....        (no amulet)
Stlth   ++           (no ring)
HPRegen 0.33/turn    (no ring)
MPRegen 0.11/turn    (no gizmo)

%: no passive effects
@: tree-form, hasted, revving, very quick
A: stationary, stasis, torment immunity, boosted hp, off-hand wielding, slow
wielding, warmup strikes, (no jewellery)
a: Invent Gizmo, Renounce Religion


You were on level 5 of the Dungeon.
You worshipped Xom.
You were a special plaything of Xom.
You were a tree.
You visited 1 branch of the dungeon, and saw 5 of its levels.

You collected 194 gold pieces.

Inventory:

Hand Weapons
 a - a +0 hand axe of chaos (weapon) {Manveen}
 j - a +2 dagger of venom (offhand) {Æðelind}
 t - a +0 spear
Missiles
 f - a throwing net (quivered)
 g - 6 javelins
 s - 2 boomerangs
Armour
 c - a +0 pair of boots (melded)
 o - a +0 helmet (melded)
 q - a +1 chain mail (melded)
Talismans
 h - a beast talisman
Scrolls
 d - 2 scrolls of teleportation {unknown}
 i - a scroll of enchant weapon {unknown}
 k - a scroll of silence {unknown}
 l - 3 scrolls of identify {unknown}
 m - a scroll of vulnerability {unknown}
Potions
 e - a potion of magic
 n - a potion of resistance


   Skills:
 * Level 4.3 Fighting
 * Level 4.5(4.8) Axes
 + Level 1.8(3.2) Polearms
 * Level 3.3 Armour
 * Level 2.8 Dodging
 + Level 1.7 Stealth
 + Level 1.6 Spellcasting


You had 9 spell levels left.
You didn't know any spells.
Your spell library was empty.

Dungeon Overview and Level Annotations

Branches:
Dungeon (5/15)
 Temple: D:4-7

Altars:
Kikubaaqudgha
Trog


Innate Abilities, Weirdness & Mutations

You are a tree.
Your roots penetrate the ground, keeping you stationary.
You cannot be teleported.
You are immune to unholy pain and torment.
Your maximum health is greatly increased.
Your equipment is partially melded.
You can wield a second weapon in your off-hand.
It takes a long time for you to wield or remove held weapons.
Your first few attacks do less damage.
((You cannot equip rings or amulets.))


Message History

You kill the gnoll!
You closely miss the gnoll with your +0 hand axe of chaos.
You hit the gnoll but do no damage.
You hit the ice beast with your +2 dagger of venom.
The ice beast hits you. The ice beast freezes you!
* * * LOW HITPOINT WARNING * * *
The gnoll barely misses you.
You take 15 damage, and have 13/54 hp.
MASSIVE DAMAGE!!
As you read the scroll labelled EROTHA CUOD, it crumbles to dust.
It is a scroll of enchant armour.
Your +0 chain mail glows green for a moment.
The gnoll hits you from afar with a +0 halberd!
* * * LOW HITPOINT WARNING * * *
The gnoll hits you but does no damage.
The ice beast hits you but does no damage.
The gnoll bouda barely misses you.
You take 6 damage, and have 7/54 hp.
Okay, then.
It was a potion of lignification.
You turn into a tree.
Your +0 helmet melds into your body.
Your +0 pair of boots melds into your body.
Your +1 chain mail melds into your body.
Your roots penetrate the ground.
The gnoll hits you with a +0 flail!
* * * LOW HITPOINT WARNING * * *
The gnoll hits you but does no damage.
You now have 2/81 hp.
You hit the ice beast with your +0 hand axe of chaos.
You melt the ice beast.
The ice beast is heavily wounded.
You hit the gnoll with your +0 hand axe of chaos.
You freeze the gnoll.
You hit the gnoll with your +0 hand axe of chaos.
You burn the gnoll.
You hit the gnoll bouda but do no damage.
You barely miss the ice beast with your +2 dagger of venom. "Get over here!"
The gnoll bouda blinks!
The ice beast blinks! x2
The gnoll hits you with a +0 club.
You die...
Xom howls with laughter!

#...# #.[.#
#........Y# #...#
#.........# #...#
#.....g...# #...##
#.........# +...<#
#...§.....#
####...####..........
..............g§g....#
..[...........♣§......
...........$..g.......
...~..~~.~.~.~~~~~.~.Y
~~~~~~≈~~~≈~~≈~~~~~~~~
≈~≈≈≈≈≈≈≈≈~≈~≈≈≈≈≈≈≈≈≈
≈≈~≈≈#####≈≈≈≈≈≈≈≈≈≈≈≈
≈≈≈≈ ############# ≈≈


You could see 2 ice beasts, a gnoll bouda and 3 gnolls.

Vanquished Creatures
  A black bear (D:4)
  Blork the orc (D:4)
  2 scorpions (D:4)
  A bombardier beetle (D:4)
  A hound (D:3)
  Robin (D:4)
  A gnoll (D:5)
  2 adders
  A dart slug (D:2)
  3 ribbon worms
  6 orcs
  5 ball pythons
  8 endoplasms
  6 giant cockroaches
  9 goblins
  10 hobgoblins
  2 jackals (D:2)
  3 quokkas (D:1)
  2 bats
  2 frilled lizards
  3 kobolds (D:1)
  3 rats
73 creatures vanquished.

Vanquished Creatures (collateral kills)
  An ice beast (D:4)
  A jelly (D:4)
  An adder (D:4)
  A kobold (D:4)
  A ball python (D:1)
5 creatures vanquished.

Grand Total: 78 creatures vanquished

Notes
Turn   | Place    | Note
-------+----------+-------------------------------------------
     0 | D:1      | ezpacito the Coglin Chaos Knight began the quest for the
                  | Orb.
     0 | D:1      | Reached XP level 1. HP: 18/18 MP: 1/1
    70 | D:1      | Reached skill level 1 in Dodging
   185 | D:1      | XOM: silly message
   227 | D:1      | XOM: smoke on damage
   239 | D:1      | Reached XP level 2. HP: 15/24 MP: 2/2
   271 | D:1      | XOM: 7-stop teleportation journey
   798 | D:2      | Reached XP level 3. HP: 28/29 MP: 3/3
  1632 | D:3      | Reached XP level 4. HP: 26/35 MP: 4/4
  1941 | D:3      | Found an ancient bone altar of Kikubaaqudgha.
  1945 | D:3      | Found a bloodstained altar of Trog.
  2073 | D:3      | XOM: summons 4 hostile shadow creatures
  2264 | D:4      | a sleepcap changed into a wandering mushroom
  2264 | D:4      | Noticed a wandering mushroom
  2264 | D:4      | XOM: polymorph sleepcap -> wandering mushroom
  2266 | D:4      | XOM: smoke on damage
  2270 | D:4      | XOM: cast spell 'Summon Horrible Things'
  2397 | D:4      | Reached skill level 1 in Polearms
  2397 | D:4      | Reached XP level 5. HP: 38/41 MP: 6/6
  2404 | D:4      | Reached skill level 1 in Stealth
  2464 | D:4      | Noticed Robin
  2482 | D:4      | Killed Robin
  2490 | D:4      | Reached skill level 1 in Spellcasting
  2646 | D:4      | Noticed a black bear
  2654 | D:4      | Killed a black bear
  2655 | D:4      | Reached XP level 6. HP: 37/48 MP: 7/7
  2718 | D:4      | Noticed Blork the orc
  2726 | D:4      | Noticed an ice beast
  2732 | D:4      | Killed Blork the orc
  2733 | D:4      | Reached XP level 7. HP: 42/54 MP: 7/9
  2912 | D:4      | XOM: 1-stop teleportation journey
  3336 | D:5      | Entered Level 5 of the Dungeon
  3373 | D:5      | HP: 2/81 [gnoll/+0 flail[a gnoll bouda] (8)]
  3374 | D:5      | XOM: blink monster(s)
  3374 | D:5      | Slain by a gnoll

Illustrated notes

Levels and vault maps discovered:
D:1:      amcnicky_arrival_single_pillar, layout_loops_cross,
          minmay_misc_feat_cross, minmay_misc_feat_enclosed, minmay_pentomino_r4
D:2:      layout_loops_cross, nicolae_concentric_dashed_squares_mild
D:3:      layout_basic, minitemple, kennysheep_boxes
D:4:      layout_basic, uniq_robin, uniq_blork_the_orc
D:5:      minmay_goblin_kobold_castle, layout_basic, small_statue_alley_b

Skill      XL: |  1  2  3  4  5  6 |
---------------+-------------------+-----
Dodging        | 1 2 |  2.8
Armour         | 2 3 |  3.3
Polearms       | 1 |  1.8
Stealth        | 1 |  1.7
Axes           | 4 |  4.5
Spellcasting   | 1 |  1.6
Fighting       | 4 |  4.3

Action                     |  1- 3 |  4- 6 |  7- 9 || total
---------------------------+-------+-------+-------++-------
  Melee: Hand axe          |    67 |    64 |    16 ||   147
         Dagger            |    63 |    65 |    17 ||   145
    Use: Potion            |       |     3 |     2 ||     5
         Scroll            |       |     1 |     1 ||     2
   Stab: Sleeping          |     2 |     1 |       ||     3
         Confused          |       |     1 |       ||     1
 Armour: Leather armour    |    30 |    61 |     3 ||    94
         Chain mail        |       |       |    18 ||    18
         Skin              |       |       |     3 ||     3
  Dodge: Dodged            |    33 |    47 |    12 ||    92

Table legend: (Time is in decaauts)
 A = Elapsed time spent in this place.
 B = Non-inter-level travel time spent in this place.
 C = Inter-level travel time spent in this place.
 D = Time resting spent in this place.
 E = Time spent auto-exploring this place.
 F = Levels seen in this place.
 G = Mean time per level.
                   A        B        C        D        E       F      G
               +--------+--------+--------+--------+--------+-----+--------+
         Total |   3405 |   3106 |    299 |    147 |   2513 |   5 |  681.0 |
       Dungeon |   3405 |   3106 |    299 |    147 |   2513 |   5 |  681.0 |
               +--------+--------+--------+--------+--------+-----+--------+

Top non-repeatable levels by time:
     D:4: 1114 daAuts
     D:3: 851 daAuts
     D:1: 796 daAuts
     D:2: 623 daAuts
     D:5: 18 daAuts
